 Dungeon Crawl Stone Soup version 0.29-a0-322-g68df515428 (webtiles) character file.

Game seed: 16041394998302014001

6075 EriolAelfwine the Cleaver (level 10, -8/83 (94) HPs)
             Began as a Deep Dwarf Fighter on Apr 5, 2022.
             Was a Believer of Makhleb.
             Mangled by a two-headed ogre
             ... wielding a +0 giant club
              (12 damage)
             ... on level 7 of the Dungeon.
             The game lasted 00:21:21 (5971 turns).

EriolAelfwine the Cleaver (Deep Dwarf Fighter)      Turns: 5971, Time: 00:21:22

HP:   -8/83 (94)    AC: 15    Str: 24    XL:     10   Next: 57%
MP:   2/2           EV:  7    Int:  9    God:    Makhleb [**....]
Gold: 381           SH: 10    Dex: 12    Spells: 9/9 levels left

rFire   . . .      SeeInvis .   a - +0 war axe
rCold   + . .      Faith    .   A - +0 kite shield
rNeg    . . .      Spirit   .   p - +0 chain mail
rPois   .          Reflect  .   w - +2 helmet
rElec   .          Harm     .   (no cloak)
rCorr   .          Rampage  .   (no gloves)
Will    +....                   G - +0 pair of boots
Stlth   ..........              (no amulet)
HPRegen 0.00/turn               D - ring of protection from cold
MPRegen 0.08/turn               (no ring)

@: heavily drained
A: damage resistance, heal wounds, sense surroundings 2, no regeneration
a: Heal Wounds, Renounce Religion, Minor Destruction


You were on level 7 of the Dungeon.
You worshipped Makhleb.
Makhleb was pleased with you.
You visited 2 branches of the dungeon, and saw 8 of its levels.

You collected 381 gold pieces.

Inventory:

Hand Weapons
 a - a +0 war axe (weapon)
Missiles
 o - 2 throwing nets
Armour
 p - a +0 chain mail (worn)
 w - a +2 helmet (worn)
 A - a +0 kite shield (worn)
 G - a +0 pair of boots (worn)
Jewellery
 D - a ring of protection from cold (left hand)
Wands
 u - a wand of iceblast (3)
 y - a wand of paralysis (2)
Scrolls
 c - a scroll of fear {unknown}
 e - a scroll of enchant armour {unknown}
 f - 4 scrolls of teleportation {unknown}
 g - a scroll of enchant weapon {unknown}
 i - a scroll of immolation {unknown}
 k - 2 scrolls of blinking {unknown}
 m - 2 scrolls of fog {unknown}
 q - 2 scrolls of noise {unknown}
 t - a scroll of magic mapping {unknown}
 x - a scroll of amnesia {unknown}
 F - a scroll of holy word {unknown}
 H - 2 scrolls of identify
Potions
 b - 2 potions of lignification
 d - a potion of might
 h - 3 potions of invisibility
 j - 5 potions of flight
 l - a potion of mutation {unknown}
 n - a potion of magic {unknown}
 r - 2 potions of berserk rage
 s - 2 potions of brilliance
 v - 5 potions of curing
 z - 3 potions of heal wounds
 B - a potion of attraction {unknown}
 C - a potion of haste {unknown}
 E - 2 potions of degeneration {unknown}


   Skills:
 + Level 7.0 Fighting
 * Level 10.8 Axes
 + Level 8.5 Armour
 + Level 8.6 Shields
 + Level 4.3 Invocations


You had 9 spell levels left.
You didn't know any spells.
Your spell library contained the following spells:

 Spells                   Type           Power      Damage    Failure   Level
 Foxfire                  Conj/Fire      0%         2x1d4     99%         1
 Magic Dart               Conj           0%         1d3       99%         1
 Call Imp                 Summ           0%         N/A       100%        2
 Sublimation of Blood     Necr           0%         N/A       100%        2
 Conjure Flame            Conj/Fire      0%         6-21      100%        3
 Ignite Poison            Fire/Tmut/Pois 0%         N/A       100%        3
 Mephitic Cloud           Conj/Pois/Air  0%         N/A       100%        3
 Petrify                  Tmut/Erth      0%         N/A       100%        4
 Sticky Flame             Conj/Fire      0%         2d3       100%        4
 Irradiate                Conj/Tmut      0%         3d13      100%        5


Dungeon Overview and Level Annotations

Branches:
Dungeon (7/15)             Temple (1/1) D:6

Altars:
Ashenzari
Cheibriados
Dithmenos
Elyvilon
Fedhas
Gozag
Hepliaklqana
Kikubaaqudgha
Makhleb
Nemelex Xobeh
Okawaru
Qazlal
Ru
Sif Muna
Uskayaw
Vehumet
Wu Jian
Xom
Yredelemnul
Zin
The Shining One

Shops:
D:6 [

Annotations:
D:6 2 transporters, jt's ghost, novice PaFi


Innate Abilities, Weirdness & Mutations

You are resistant to damage.
You can heal yourself by infusing magical energy.
You passively map the area around you.
You do not regenerate.


Message History

Aim: a two-headed ogre, wielding a +0 giant club and a +0 giant spiked club (chance to affect: 31%)
The two-headed ogre easily resists.
You slash the two-headed ogre!
The two-headed ogre is moderately wounded.
The two-headed ogre barely misses you. x2
You slash the two-headed ogre!
The two-headed ogre is moderately wounded.
You slash the two-headed ogre!
The two-headed ogre is heavily wounded.
The two-headed ogre hits you with a +0 giant club.
The two-headed ogre hits you with a +0 giant spiked club!!
You hit the two-headed ogre.
The two-headed ogre is severely wounded.
You block the two-headed ogre's attack. x2
You barely miss the two-headed ogre.
The two-headed ogre is severely wounded.
You block the two-headed ogre's attack.
The two-headed ogre hits you with a +0 giant spiked club!!
You barely miss the two-headed ogre.
The two-headed ogre is severely wounded.
You barely miss the two-headed ogre.
The two-headed ogre is severely wounded.
The two-headed ogre closely misses you.
The two-headed ogre hits you with a +0 giant spiked club!
You completely miss the two-headed ogre.
The two-headed ogre is severely wounded.
The two-headed ogre hits you with a +0 giant club!!
* * * LOW HITPOINT WARNING * * *
You block the two-headed ogre's attack.
You feel much better.
You hit the two-headed ogre.
The two-headed ogre is severely wounded.
The two-headed ogre hits you with a +0 giant club!!
* * * LOW HITPOINT WARNING * * *
You block the two-headed ogre's attack.
You feel much better.
The two-headed ogre hits you with a +0 giant club!!
* * * LOW HITPOINT WARNING * * *
The two-headed ogre hits you with a +0 giant spiked club!
You die...

..#♣.♣.♣#♣.P....♣......♣*
#..
..#.♣.♣.#♣.≈...###...≈.♣
#..
#.#♣.♣.♣#♣.....#.#.....♣
#.#
#.#.♣.♣.#♣.....#.#.....♣*
#..
#.#♣.♣.♣#♣.............♣
#.#
#.#♣♣)♣♣#♣.###.....###.♣#♣
#.#
#..†......♣#....≈....#♣..
* ,,..#
#.#♣♣.♣♣#♣.###.....###.♣
*#.#
#.#♣.♣.♣#♣......@O...÷.♣ ,
#.#.♣.♣.#♣.....#.#.....♣ ,
, ,
..#♣.♣.♣#♣...).#.#.....♣
..#.♣.♣.#♣.≈...###)..≈.♣ *
,* *
..#♣.♣.♣#♣......♣).....♣ *
* ,
..#.♣.♣.#♣♣♣♣♣♣♣)♣♣♣♣♣♣♣ ,
* ..##############.#######
* ** *, .....#
#♣...♣♣...♣♣...♣#, ,
#....# #.♣♣♣..♣♣♣..♣♣♣.#


You could see a two-headed ogre.

Vanquished Creatures
  Pikel (D:6)
  A manticore (D:7)
  A kobold demonologist (D:7)
  Maggie (D:7)
  A komodo dragon (D:6)
  A slime creature (D:7)
  2 steam dragons (D:7)
  Menkaure (D:7)
  Duvessa (D:5)
  A water moccasin (D:7)
  2 ice beasts
  3 orc warriors (D:7)
  6 sky beasts
  2 ogres
  A centaur (D:7)
  3 phantoms
  4 bullfrogs
  A kobold brigand (D:7)
  4 scorpions
  2 necrophages (D:7)
  12 wights
  Dowan (D:5)
  6 hounds
  2 gnoll shamans (D:7)
  6 orc priests
  2 jellies (D:6)
  2 iguanas
  Ijyb (D:3)
  4 orc wizards
  A mummy (D:6)
  Robin (D:3)
  4 adders
  10 gnolls
  3 shadow imps
  4 white imps
  A worm (D:2)
  2 dart slugs (D:2)
  24 orcs
  4 bats
  8 endoplasms
  5 giant cockroaches
  12 goblins
  7 hobgoblins
  12 jackals
  5 kobolds
  2 quokkas
  3 ball pythons
  3 frilled lizards
  2 kobold zombies (D:6)
  2 orc zombies (D:6)
  5 rats
195 creatures vanquished.

Vanquished Creatures (others)
  43 plants
43 creatures vanquished.

Grand Total: 238 creatures vanquished

Notes
Turn   | Place    | Note
-------+----------+-------------------------------------------
     0 | D:1      | EriolAelfwine the Deep Dwarf Fighter began the quest for
                  | the Orb.
     0 | D:1      | Reached XP level 1. HP: 20/20 MP: 1/1
   227 | D:1      | Reached XP level 2. HP: 24/27 MP: 2/2
   359 | D:1      | Found a faded altar of an unknown god.
   364 | D:1      | Got Plato's Grimoire of Combat Magic
  1069 | D:2      | Reached XP level 3. HP: 16/34 MP: 3/3
  1543 | D:3      | Reached skill level 3 in Axes
  1543 | D:3      | Reached XP level 4. HP: 9/42 MP: 4/4
  1663 | D:3      | Identified the +12 short sword of Exchange {freeze, rF+ rN+
                  | Will- Str+4}
  1717 | D:3      | Reached XP level 5. HP: 7/49 MP: 4/4
  1967 | D:3      | Noticed Robin
  1985 | D:3      | Killed Robin
  2060 | D:3      | Noticed Ijyb
  2076 | D:3      | Killed Ijyb
  2161 | D:3      | Noticed a phantom
  2167 | D:3      | Killed a phantom
  2168 | D:3      | Reached skill level 4 in Axes
  2168 | D:3      | Reached XP level 6. HP: 36/57 MP: 4/4
  2940 | D:4      | Reached skill level 5 in Shields
  2945 | D:4      | Noticed a sky beast
  2964 | D:4      | Killed a sky beast
  2965 | D:4      | Reached skill level 5 in Armour
  2990 | D:4      | Reached XP level 7. HP: 49/64 MP: 5/5
  3349 | D:5      | Entered Level 5 of the Dungeon
  3370 | D:5      | Reached skill level 5 in Axes
  3519 | D:5      | Noticed Duvessa
  3520 | D:5      | Noticed Dowan
  3528 | D:5      | Killed Duvessa
  3529 | D:5      | Reached skill level 6 in Axes
  3533 | D:5      | Killed Dowan
  3534 | D:5      | Reached XP level 8. HP: 34/73 MP: 6/6
  3981 | D:6      | Reached skill level 5 in Fighting
  4168 | D:6      | Reached skill level 7 in Axes
  4188 | D:6      | Found a transporter.
  4189 | D:6      | Noticed jt's ghost (novice PaFi)
  4190 | D:6      | Identified the +11 giant club of Infection {drain, rF+}
  4190 | D:6      | Identified the +7 giant spiked club of the Dancing Gods
                  | {vorpal, Int+4}
  4190 | D:6      | Noticed a two-headed ogre
  4193 | D:6      | Noticed Pikel
  4231 | D:6      | Killed Pikel
  4232 | D:6      | Reached skill level 8 in Axes
  4232 | D:6      | Gained mutation: You passively map the area around you.
                  | [Deep Dwarf growth]
  4232 | D:6      | Reached XP level 9. HP: 34/82 MP: 4/4
  4319 | D:6      | Found a staircase to the Ecumenical Temple.
  4347 | Temple   | Entered the Ecumenical Temple
  4462 | Temple   | Became a worshipper of Makhleb the Destroyer
  4611 | D:6      | Found Doeqi's Antique Armour Emporium.
  4946 | D:6      | Found a transporter.
  5069 | D:7      | Noticed Maggie
  5080 | D:7      | Killed Maggie
  5081 | D:7      | Reached skill level 9 in Axes
  5256 | D:7      | Reached skill level 1 in Invocations
  5283 | D:7      | Reached * piety under Makhleb
  5288 | D:7      | Noticed a komodo dragon
  5291 | D:7      | Noticed a kobold demonologist
  5305 | D:7      | Noticed a manticore
  5309 | D:7      | Noticed an ice devil
  5311 | D:7      | Reached XP level 10. HP: 45/92 MP: 6/6
  5338 | D:7      | Noticed Menkaure
  5372 | D:6      | Reached skill level 10 in Axes
  5435 | D:7      | Noticed a two-headed ogre
  5654 | D:7      | Killed a manticore
  5663 | D:7      | Killed Menkaure
  5877 | D:7      | Reached ** piety under Makhleb
  5968 | D:7      | HP: 2/83 [two-headed ogre/+0 giant club (24)]
  5971 | D:7      | Mangled by a two-headed ogre

Illustrated notes

Levels and vault maps discovered:
D:1:      minmay_arrival_four_houses, layout_basic, serial_bayou,
          serial_bayou_pond_d, serial_bayou_pond_d, serial_bayou_shore_b,
          serial_bayou_shore_a, serial_bayou_shore_b,
          shapermc_ecumenical_altar_rom_forum, nicolae_figureground_pulse
D:2:      layout_loops_corners, kennysheep_generic_room_6
D:3:      layout_basic, chequers_big_river, grunt_ministairs_1,
          minmay_pentangle, uniq_ijyb, uniq_robin
D:4:      layout_loops_ring, minmay_misc_feat_cross
D:5:      layout_cave_pools, minmay_misc_feat_diagonals,
          amcnicky_mini_pool_small, uniq_duvessa
D:6:      layout_cave_pools, minmay_temple_entry_slanted, gammafunk_ghost_smash,
          serial_shops, kennysheep_little_box, hangedman_decor_slide_cut,
          nicolae_zen_rock_garden, minmay_mini_ossuary, uniq_pikel
D:7:      nzn_winding_woodlands_cross [nzn_winding_woodlands_5x15_split_checker,
          nzn_winding_woodlands_5x15_zeroes,
          nzn_winding_woodlands_5x15_sawtooth,
          nzn_winding_woodlands_5x15_jagged,
          nzn_winding_woodlands_15x15_five_gardens], layout_rooms, uniq_maggie,
          uniq_menkaure
Temple:   kilobyte_greek_temple

Skill      XL: |  1  2  3  4  5  6  7  8  9 10 |
---------------+-------------------------------+-----
Fighting       | 3 4 5 6 7 |  7.0
Axes           | 3 4 6 8 9 10 | 10.8
Armour         | 4 5 6 7 8 |  8.5
Shields        | 4 5 6 8 |  8.6
Invocations    | 2 4 |  4.3

Action                   |  1- 3 |  4- 6 |  7- 9 | 10-12 || total
-------------------------+-------+-------+-------+-------++-------
Melee: War axe           |   103 |   177 |   341 |   227 ||   848
 Abil: Heal Wounds       |     2 |     6 |    18 |    22 ||    48
Evoke: Wand              |       |       |     5 |     1 ||     6
  Use: Scroll            |       |       |     7 |       ||     7
       Potion            |       |       |     1 |       ||     1
 Stab: Paralysed         |       |       |     4 |       ||     4
Armor: Scale mail        |    41 |    17 |       |       ||    58
       Chain mail        |       |    81 |   188 |    96 ||   365
Dodge: Dodged            |    48 |    69 |    79 |    68 ||   264
Block: Buckler           |    23 |    47 |       |       ||    70
       Kite shield       |       |    24 |   161 |   121 ||   306

Table legend: (Time is in decaauts)
 A = Elapsed time spent in this place.
 B = Non-inter-level travel time spent in this place.
 C = Inter-level travel time spent in this place.
 D = Time resting spent in this place.
 E = Time spent auto-exploring this place.
 F = Levels seen in this place.
 G = Mean time per level.
                   A        B        C        D        E       F      G
               +--------+--------+--------+--------+--------+-----+--------+
         Total |   6228 |   5919 |    309 |      0 |   3930 |   8 |  778.5 |
       Dungeon |   6071 |   5777 |    294 |      0 |   3833 |   7 |  867.3 |
        Temple |    157 |    142 |     15 |      0 |     97 |   1 |  157.0 |
               +--------+--------+--------+--------+--------+-----+--------+

Top non-repeatable levels by time:
     D:3: 1327 daAuts
     D:6: 1019 daAuts
     D:7: 905 daAuts
     D:2: 854 daAuts
     D:5: 658 daAuts
     D:1: 654 daAuts
     D:4: 649 daAuts
  Temple: 157 daAuts
